 Dungeon Crawl Stone Soup version 0.22.0-1-g6561e4c (webtiles) character file.

1648 Gorglomux the Skirmisher (level 9, -8/48 HPs)
             Began as a Vine Stalker Fighter on Aug 12, 2018.
             Killed by nerve-wracking pain
             ... invoked by an orc priest
              (13 damage)
             ... on level 6 of the Dungeon.
             The game lasted 00:02:32 (4687 turns).

Gorglomux the Skirmisher (Vine Stalker Fighter)     Turns: 4687, Time: 00:02:32

Health: -8/48      AC: 11    Str: 22    XL:     9   Next: 0%
Magic:  0/10       EV:  6    Int:  8    God:
Gold:   239        SH: 10    Dex: 14    Spells: 8/8 levels left

rFire    . . .     SeeInvis .   a - +0 rapier
rCold    . . .     Gourm    .   c - +0 shield
rNeg     . . .     Faith    .   P - +0 chain mail
rPois    .         Spirit   +   (no helmet)
rElec    .         Reflect  .   (no cloak)
rCorr    .         Harm     .   (no gloves)
MR       +....                  F - +0 pair of boots
Stlth    ..........             (no amulet)
HPRegen  0.56/turn              (no ring)
MPRegen  0.12/turn              (no ring)

@: no status effects
A: fangs 3, regeneration 1, magic shield, antimagic bite, no potion heal 3, rot
immunity
a: no special abilities


You were on level 6 of the Dungeon.
You were not hungry.

You visited 1 branch of the dungeon, and saw 6 of its levels.

You collected 239 gold pieces.

Inventory:

Hand Weapons
 a - a +0 rapier (weapon)
Armour
 b - a +0 scale mail
 c - a +0 shield (worn)
 F - a +0 pair of boots (worn)
 P - a +0 chain mail (worn)
Wands
 D - a wand of digging (14)
 E - a wand of enslavement (14)
 I - a wand of iceblast (9)
Scrolls
 g - a scroll of enchant armour {unknown}
 i - 3 scrolls of remove curse {unknown}
 j - 3 scrolls of enchant weapon {unknown}
 l - 4 scrolls of identify {unknown}
 m - 4 scrolls of noise {unknown}
 n - a scroll of fear {unknown}
 o - a scroll of blinking {unknown}
 M - 2 scrolls of amnesia {unknown}
 U - 2 scrolls of teleportation {unknown}
 W - a scroll of brand weapon {unknown}
Potions
 d - a potion of might
 J - a potion of cancellation {unknown}
 K - a potion of agility
 O - 2 potions of invisibility {unknown}
 Q - a potion of flight {unknown}
 R - a potion of mutation {unknown}
 S - 2 potions of lignification {unknown}
Comestibles
 f - 10 rations
 V - 6 chunks of flesh


   Skills:
 + Level 5.7 Fighting
 + Level 5.3 Short Blades
 + Level 5.2 Armour
 + Level 5.6 Shields


You had 8 spell levels left.
You didn't know any spells.
Your spell library contained the following spells:

 Spells                   Type           Power        Failure   Level  Hunger
 Confuse                  Hex            #.......     100%        3    ####...
 Confusing Touch          Hex            #.....       100%        1    ##.....
 Metabolic Englaciation   Hex/Ice        #.........   100%        5    ######.
 Petrify                  Tmut/Erth      #.......     100%        4    #####..
 Gell's Gravitas          Tloc           #.........   100%        3    ####...
 Yara's Violent Unravell  Hex/Tmut       #.........   100%        5    ######.


Dungeon Overview and Level Annotations

Branches:
Dungeon (6/15)
 Temple: D:4-7

Altars:
Cheibriados
Elyvilon
Hepliaklqana
Kikubaaqudgha
Okawaru
Xom
Yredelemnul

Shops:
D:4 }


Innate Abilities, Weirdness & Mutations

You have razor-sharp teeth.
Your natural rate of healing is unusually fast.
When hurt, damage is shared between your health and your magic reserves.
Your bite disrupts and absorbs the magic of your enemies.
Potions cannot restore your health.
You are immune to rotting.


Message History

You block the orc warrior'butts butt!
You closely miss the orc warrior!
The orc warrior is moderately wounded!
The adder barely misses you!
The orc priest invokes the aid of Beogh against you!
Beogh smites you!!! The orc warrior barely misses you!
The orc wizard casts a butt!
The orc wizard seems to speed up!
You butt-ly miss the orc warrior!
The orc warrior is moderately wounded!
You block the adder's attack!
The orc priest mumbles some strange prayers to Beogh against you!
Beogh smites you!!! * * * don't die
* * * The orc warrior hits you with a short sword!!! * * * don't die
* * * The adder barely misses you!
The orc priest invokes the aid of Beogh against you!
Pain shoots through your body!!! rip

...........##.#.).....# #..###...
.............÷#.#####.###..#...#.
...........###...........###.....
...........# #.##..#.###.#.....##
......÷....###.....#.# #.#.#...##
...........#.......#.###.#.#.#.##
...........#.###...#.#.......#.##
############Z#####.#.#.#.#.#.#.##
......oSo.@..#.#.#.#.###.##
......o#####.#...#.#.....##
....... #.>...#.######## .......
#####...# # ....... #.### #
....... ###+##### .......
#..≈....### ....... #.........#
#######.........#


You could see an orc warrior, an orc priest, an orc wizard, an adder and an
adder skeleton.

Vanquished Creatures
  Prince Ribbit (D:5)
  Sigmund (D:3)
  Eustachio (D:5)
  A sky beast (D:6)
  An eye of draining (D:6)
  An ogre (D:6)
  A phantom (D:6)
  A bullfrog (D:6)
  2 crimson imps
  A jelly (D:5)
  A bullfrog skeleton (D:4)
  A centaur skeleton (D:4)
  3 hounds
  5 orc wizards
  3 iguanas
  A worker ant (D:5)
  A hound skeleton (D:4)
  A worker ant zombie (D:6)
  12 adders
  A gnoll (D:1)
  A howler monkey skeleton (D:5)
  A shadow imp (D:5)
  An ooze (D:1)
  An adder skeleton (D:4)
  4 worms
  6 leopard geckos
  15 orcs
  7 giant cockroaches
  8 hobgoblins
  4 jackals (D:5)
  A quokka (D:6)
  A ball python (D:1)
  4 bats
  8 frilled lizards
  7 goblins
  A jackal skeleton (D:6)
  12 kobolds
  A leopard gecko zombie (D:5)
  14 rats
137 creatures vanquished.

Notes
Turn   | Place    | Note
-------+----------+-------------------------------------------
     0 | D:1      | Gorglomux the Vine Stalker Fighter began the quest for the Orb.
     0 | D:1      | Reached XP level 1. HP: 11/11 MP: 2/2
     1 | D:1      | Noticed an electric eel
   278 | D:1      | Reached XP level 2. HP: 15/16 MP: 3/3
   492 | D:1      | Reached skill level 3 in Fighting
   492 | D:1      | Reached skill level 3 in Shields
   492 | D:1      | Reached XP level 3. HP: 17/20 MP: 4/4
  1230 | D:2      | Gained mutation: Your natural rate of healing is unusually fast. [Vine Stalker growth]
  1230 | D:2      | Reached XP level 4. HP: 18/24 MP: 5/5
  1283 | D:2      | Reached skill level 3 in Armour
  1845 | D:3      | Found an ancient bone altar of Kikubaaqudgha.
  1935 | D:3      | Found a white marble altar of Elyvilon.
  2025 | D:3      | Noticed Sigmund
  2040 | D:3      | Killed Sigmund
  2040 | D:3      | Reached skill level 3 in Short Blades
  2040 | D:3      | Reached XP level 5. HP: 12/29 MP: 2/6
  2040 | D:3      | Reached XP level 6. HP: 13/33 MP: 2/7
  2228 | D:3      | Found a faded altar of an unknown god.
  2920 | D:4      | Found Karch's Gadget Shoppe.
  3049 | D:5      | Entered Level 5 of the Dungeon
  3056 | D:5      | Reached XP level 7. HP: 37/37 MP: 6/8
  3523 | D:5      | Noticed Prince Ribbit
  3564 | D:5      | HP: 1/38 [Prince Ribbit (9)]
  3567 | D:5      | Killed Prince Ribbit
  3614 | D:5      | Gained mutation: You have razor-sharp teeth. [Vine Stalker growth]
  3614 | D:5      | Reached XP level 8. HP: 23/42 MP: 5/9
  3690 | D:5      | Noticed Eustachio
  3702 | D:5      | Killed Eustachio
  3942 | D:5      | Found a basalt altar of Yredelemnul.
  3942 | D:5      | Found a snail-covered altar of Cheibriados.
  4059 | D:6      | Found a hazy altar of Hepliaklqana.
  4060 | D:6      | Found a shimmering altar of Xom.
  4060 | D:6      | Noticed a thorn hunter
  4061 | D:6      | Noticed a spectral ugly thing
  4061 | D:6      | Noticed a thorn hunter
  4476 | D:6      | Found an iron altar of Okawaru.
  4511 | D:6      | Reached XP level 9. HP: 48/48 MP: 10/10
  4687 | D:6      | Killed from afar by an orc priest

Skill      XL: |  1  2  3  4  5  6  7  8 |
---------------+-------------------------+-----
Short Blades   | 2 3 4 5 |  5.3
Fighting       | 3 4 5 |  5.7
Shields        | 3 4 5 |  5.6
Armour         | 3 4 5 |  5.2

Action                   |  1- 3 |  4- 6 |  7- 9 || total
-------------------------+-------+-------+-------++-------
Melee: Rapier            |    96 |   146 |   230 ||   472
       Bite              |    22 |    45 |    91 ||   158
  Eat: Chunk             |     1 |     6 |     6 ||    13
Armor: Scale mail        |    26 |    32 |       ||    58
       Chain mail        |       |    11 |   128 ||   139
Dodge: Dodged            |    20 |    31 |    42 ||    93
Block: Shield            |    42 |    60 |   121 ||   223
